 Dungeon Crawl Stone Soup version 0.17-a0-968-gf8e1f1d (webtiles) character file.

833 Gorice the Conjurer (level 7, -2/36 HPs)
             Began as a Deep Elf Wanderer on May 9, 2015.
             Slain by a gnoll
             ... wielding a +0 halberd
              (13 damage)
             ... on level 5 of the Dungeon.
             The game lasted 00:28:12 (4928 turns).

Gorice the Conjurer (Deep Elf Wanderer)             Turns: 4928, Time: 00:28:12

Health: -2/36      AC:  6    Str:  9    XL:     7   Next: 66%
Magic:  4/16       EV: 10    Int: 20    God:
Gold:   227        SH:  0    Dex: 13    Spells: 3 memorised, 10 levels left

rFire  + . .     SeeInvis .     b - +0 blowgun
rCold  . . .     Clarity  .     x - +1 leather armour {rF+}
rNeg   . . .     SustAb   .     (no shield)
rPois  .         Gourm    .     (no helmet)
rElec  .         Spirit   .     (no cloak)
rCorr  .         Warding  .     s - +1 pair of gloves
rMut   .         Stasis   .     (no boots)
MR     .....                    (no amulet)
Stlth  ++........               (no ring)
                                p - ring of stealth

@: very slightly contaminated, not resistant to hostile enchantments, unstealthy
A: no striking features
a: no special abilities


You were on level 5 of the Dungeon.
You were hungry.

You visited 1 branch of the dungeon, and saw 5 of its levels.
You also visited: Sewer.

You collected 227 gold pieces.

Inventory:

Hand weapons
 a - a +2 dagger of venom
   (You took it off a goblin on level 4 of the Dungeon)
 b - a +0 blowgun (weapon)
 A - a cursed -2 hunting sling
Missiles
 i - 10 exploding sling bullets
 k - 18 tomahawks
 r - 24 poisoned needles (quivered)
 Y - a throwing net
 Z - 114 stones
Armour
 d - a +0 robe
 s - a +1 pair of gloves (worn)
 x - a +1 leather armour of fire resistance (worn)
   (You found it on level 3 of the Dungeon)
 C - a +0 buckler
Magical staves
 P - an uncursed staff of power
Jewellery
 p - a ring of stealth (left hand)
Magical devices
 o - a wand of teleportation (2) {!d}
Scrolls
 e - 2 scrolls of magic mapping {!r}
 m - 2 scrolls of blinking
 y - a scroll of fog
 D - a scroll of noise {!r}
 E - 2 scrolls of teleportation {!r}
 F - a scroll of fear {!r}
Potions
 h - a potion of haste {!q}
 j - 4 potions of might {!q}
 q - 3 potions of curing
 t - a potion of ambrosia {!q}
 v - 3 potions of brilliance {!q}
 z - a potion of mutation {unknown}
 B - a potion of heal wounds {!q}
 G - 2 potions of flight
 I - a potion of poison {unknown}
Books
 c - the Collected Works on Sinister Secrets

   Spells                             Type                      Level
   a - Corpse Rot                     Necromancy                   2
   b - Sublimation of Blood           Necromancy                   2
 g - a book of Callings
 u - Uniexem's Disquisition on the Volcanoes

   Spells                             Type                      Level
   a - Flame Tongue                   Conjuration/Fire             1
   b - Inner Flame                    Hexes/Fire                   3
Comestibles
 f - 3 bread rations {!e}
 l - 2 beef jerkies
 n - a meat ration {!e}
 w - 7 chunks of flesh


   Skills:
 - Level 1.0 Shields
 + Level 4.7 Spellcasting
 * Level 5.9 Conjurations
 + Level 3.7 Summonings
 - Level 2.4 Necromancy
 * Level 5.6 Fire Magic
   Level 2.1 Ice Magic
 - Level 1.1 Evocations


You had 10 spell levels left.
You knew the following spells:

 Your Spells              Type           Power        Failure   Level  Hunger
a - Flame Tongue          Conj/Fire      ####.        1%          1    None
b - Call Imp              Summ           ###.....     8%          2    #......
c - Sublimation of Blood  Necr           ##........   12%         2    #......


Dungeon Overview and Level Annotations

Branches:
Dungeon (5/15)
 Temple: D:4-7

Altars:
Kikubaaqudgha
Nemelex Xobeh
Ru


Message History

Aim: a gnoll (severely wounded)
The flame tongue hits the gnoll.
The gnoll is almost dead.
A gnoll opens the door.
Casting: Flame Tongue
Confirm with . or Enter, or press ? or * to list all spells.
Aiming: Flame Tongue
Press: ? - help, Shift-Dir - straight line, f/p - gnoll
Aim: a gnoll (almost dead)
The flame tongue hits the gnoll.
You kill the gnoll!
Some of the chunks of flesh in your inventory have rotted away.
Casting: Flame Tongue
Confirm with . or Enter, or press ? or * to list all spells.
Aiming: Flame Tongue
Press: ? - help, Shift-Dir - straight line, f - gnoll
Aim: a gnoll, wielding a halberd The flame tongue hits the gnoll.
The gnoll is moderately wounded.
The gnoll hits you with a whip. The gnoll hits you but does no damage.
Damage: 2 (max 2)
The gnoll hits you with a whip! The gnoll barely misses you.
There is an open door here.
Damage: 7 (max 7)
Casting: Flame Tongue
Confirm with . or Enter, or press ? or * to list all spells.
Aiming: Flame Tongue
Press: ? - help, Shift-Dir - straight line, f/p - gnoll
Aim: a gnoll, wielding a halberd (moderately wounded)
The flame tongue misses the gnoll.
The flame tongue hits the gnoll.
The gnoll is almost dead.
The gnoll hits you with a whip. The gnoll barely misses you.
Damage: 2 (max 7)
Casting: Flame Tongue
Confirm with . or Enter, or press ? or * to list all spells.
Aiming: Flame Tongue
Press: ? - help, Shift-Dir - straight line, f/p - gnoll
Aim: a gnoll, wielding a halberd (almost dead)
You miscast Flame Tongue.
You are very lightly contaminated with residual magic.
Wisps of smoke drift from your hands. The gnoll hits you but does no damage.
Casting: Flame Tongue
Confirm with . or Enter, or press ? or * to list all spells.
Aiming: Flame Tongue
Press: ? - help, Shift-Dir - straight line, f/p - gnoll
Aim: a gnoll, wielding a halberd (almost dead)
The flame tongue hits the gnoll.
The gnoll is heavily wounded.
The gnoll hits you from afar with a halberd!
You die...

..#+#...###......#'#....#'##.....
..........####...#.#.............
........#..###...#.#.............
............##...+.'.............
......#.#....##..#.#.............
.....#........#..#+#.............
........#.#.#.#..#.#....#'##...##
.#.....#................'..+...+
+#....#...#.....@gg#....#+##...##
#...#...#.......#)#.........####
#..#............#)#.........'..'
...........#.#)........#+##
..........(...gg....'.....(
##..#.+....#.#....'..'.....
......+...+.+....#'##.....
.#......#.#....#..#..>.. .+...
###....#..'.....


You could see 2 gnolls.

Vanquished Creatures
  2 ogres
  An ice beast (D:3)
  A black bear (D:5)
  A gnoll sergeant (D:5)
  An iguana (D:4)
  2 hounds (D:4)
  A worker ant (D:4)
  A hound skeleton (D:4)
  11 adders
  7 gnolls
  2 shadow imps (D:5)
  An ooze (D:1)
  A worm (D:2)
  3 giant geckos (D:4)
  7 orcs
  6 ball pythons
  A bat skeleton (D:4)
  2 giant cockroaches (D:4)
  12 goblins
  8 hobgoblins
  3 jackals (D:4)
  A quokka (D:4)
  11 bats
  4 giant newts
  11 kobolds
  6 rats
107 creatures vanquished.

Notes
Turn   | Place    | Note
--------------------------------------------------------------
     0 | D:1      | Gorice, the Deep Elf Wanderer, began the quest for the Orb.
     0 | D:1      | Gorice set off with: a book of Callings, Uniexem's Disquisition on the Volcanoes, the Collected Works on Sinister Secrets, a +0 robe, a +0 dagger, a bread ration {!e}
     0 | D:1      | Reached XP level 1. HP: 10/10 MP: 5/5
     0 | D:1      | Identified Uniexem's Disquisition on the Volcanoes
     0 | D:1      | Identified the Collected Works on Sinister Secrets
     3 | D:1      | Learned a level 1 spell: Flame Tongue
   239 | D:1      | Reached skill level 1 in Conjurations
   306 | D:1      | Reached skill level 1 in Fire Magic
   306 | D:1      | Reached XP level 2. HP: 13/15 MP: 4/6
   560 | D:1      | Reached skill level 2 in Spellcasting
  1024 | D:1      | Learned a level 2 spell: Call Imp
  1027 | D:1      | Learned a level 2 spell: Sublimation of Blood
  1118 | D:2      | Reached XP level 3. HP: 19/19 MP: 4/8
  1171 | D:2      | Reached skill level 2 in Conjurations
  1196 | D:2      | Found a sparkling altar of Nemelex Xobeh.
  1233 | D:2      | Reached skill level 2 in Fire Magic
  1259 | D:2      | HP: 3/19 [gnoll/halberd (7)]
  1531 | D:2      | Reached XP level 4. HP: 22/24 MP: 2/10
  1743 | D:2      | Reached skill level 3 in Spellcasting
  1789 | D:2      | Reached skill level 3 in Conjurations
  2284 | D:3      | Reached XP level 5. HP: 14/28 MP: 2/11
  2424 | D:3      | Noticed an ice beast
  2446 | D:3      | Killed an ice beast
  2446 | D:3      | Reached skill level 3 in Fire Magic
  2631 | D:3      | Reached skill level 4 in Conjurations
  3092 | D:4      | Reached skill level 4 in Fire Magic
  3092 | D:4      | Reached XP level 6. HP: 32/32 MP: 9/13
  3146 | D:4      | Found a glowing drain.
  3151 | Sewer    | Entered a sewer
  3540 | D:4      | Noticed an ogre
  3572 | D:4      | Killed an ogre
  3572 | D:4      | Reached skill level 4 in Spellcasting
  3704 | D:4      | Reached skill level 5 in Conjurations
  3941 | D:4      | Reached XP level 7. HP: 36/36 MP: 15/15
  4500 | D:5      | Entered Level 5 of the Dungeon
  4644 | D:5      | Found an ancient bone altar of Kikubaaqudgha.
  4742 | D:5      | Reached skill level 5 in Fire Magic
  4803 | D:5      | Found a sacrificial altar of Ru.
  4928 | D:5      | Slain by a gnoll

Action                   |  1- 3 |  4- 6 |  7- 9 || total
-------------------------+-------+-------+-------++-------
Melee: Short sword       |    25 |     4 |       ||    29
       Dagger            |       |     2 |       ||     2
 Fire: Blowgun           |       |     1 |     7 ||     8
Throw: Tomahawk          |     3 |     2 |     4 ||     9
 Cast: Flame Tongue      |    43 |   120 |    42 ||   205
  Use: Scroll            |     4 |    11 |     5 ||    20
 Stab: Sleeping          |       |     1 |       ||     1
  Eat: Chunk             |     2 |     8 |     2 ||    12

Table legend:
 A = Turns spent in this place as a percentage of turns spent in the entire game.
 B = Non-inter-level travel turns spent in this place as a percentage of non-inter-level travel turns spent in the entire game.
 C = Inter-level travel turns spent in this place as a percentage of turns spent in this place.
 D = Turns resting spent in this place as a percentage of non-inter-level travel turns spent in this place.
 E = Turns spent auto-exploring this place as a percentage of non-inter-level travel turns spent in this place.
 F = Non-inter-level travel turns spent in this place divided by the number of levels of this place that you've seen.
                   A       B       C       D       E      F
               +-------+-------+-------+-------+-------+----------------------
         Total | 100.0 | 100.0 |   0.4 |   2.6 |   6.7 | 291.5
       Dungeon |  94.8 |  94.8 |   0.4 |   2.5 |   7.1 | 331.6
         Sewer |   5.2 |   5.2 |   0.0 |   5.5 |   0.0 |  91.0
               +-------+-------+-------+-------+-------+----------------------

Vault maps used:
D:1:      dpeg_arrival_simpleton_c, minmay_cupped
D:2:      nemelex_xobeh_ov_fountains_minmay
D:3:      first_bread
D:4:      gup_sewer_entry_bowl
D:5:      nicolae_ru_awakened_eye, kiku_gazebo_pond_becter,
          hangedman_decor_opposing
Sewer:    sewer_co_purgy_island
